 Dungeon Sprint DCSS version 0.31.0-32-g396128a36d (webtiles) character file.

Game seed: 3666761387272192666

35 Heoruswealwe the Poker (level 3, -6/36 HPs)
             Began as a Minotaur Fighter on Apr 19, 2024.
             Mangled by an ice beast (13 damage)
             ... in the Dungeon (Sprint IX: "|||||||||||||||||||||||||||||").
             The game lasted 00:00:48 (56 turns).

Heoruswealwe the Poker (Minotaur Fighter)             Turns: 56, Time: 00:00:48

Health: -6/36      AC:  7    Str: 22    XL:     3   Next: 17%
Magic:  2/2        EV:  9    Int:  5    God:
Gold:   0          SH:  4    Dex:  9    Spells: 2/2 levels left

rFire   . . .        a - +0 trident
rCold   . . .        d - +0 buckler
rNeg    . . .        c - +0 scale mail
rPois   .            (helmet restricted)
rElec   .            (no cloak)
rCorr   .            (no gloves)
SInv    .            (no boots)
Will    .....        (no amulet) Stlth
                     (no ring)
HPRegen 0.26/turn    (no ring)
MPRegen 0.08/turn

%: no teleportation
@: no status effects
A: horns 2, retaliatory headbutt
a: no special abilities


You were in the Dungeon.
You visited 1 branch

Inventory:

Hand Weapons
 a - a +0 trident (weapon)
Armour
 c - a +0 scale mail (worn)
 d - a +0 buckler (worn)
Scrolls
 j - a scroll of blinking
Potions
 b - a potion of might
 e - a potion of curing
 g - a potion of haste
 h - 2 potions of magic
 i - a potion of berserk rage


   Skills:
 + Level 5.2 Fighting
 * Level 5.9 Polearms
 + Level 5.2 Armour
 - Level 3.6 Shields


You had 2 spell levels left.
You didn't know any spells.
Your spell library was empty.

Dungeon Overview and Level Annotations

Branches:
Dungeon (1/1)

Altars:


Innate Abilities, Weirdness & Mutations

You have a pair of horns on your head.
You reflexively headbutt those who attack you in melee.


Message History

The orc is heavily wounded.
The orc closely misses you. You furiously retaliate!
You headbutt the orc.
You kill the orc!
Reach: a) +0 trident
Press: ? - help, Dir - move target, f - ribbon worm
Aim: a ribbon worm (about 23% to evade your +0 trident)
You reach to attack!
You hit the ribbon worm.
The ribbon worm is lightly wounded.
You hit the ribbon worm.
The ribbon worm is lightly wounded.
The ribbon worm bites you but does no damage.
You hit the ribbon worm.
The ribbon worm is lightly wounded.
You block the ribbon worm's attack.
You puncture the ribbon worm! You headbutt the ribbon worm.
The ribbon worm is severely wounded.
The ribbon worm expels a string of sticky webbing.
The stream of webbing hits you but does no damage.
You are caught in a web!
You hit the ribbon worm. You headbutt the ribbon worm.
The ribbon worm is severely wounded.
You block the ribbon worm's attack.
You barely miss the ribbon worm.
The ribbon worm is severely wounded.
The ribbon worm bites you.
You puncture the ribbon worm!
You kill the ribbon worm!
You hit the ice beast. You headbutt the ice beast.
The ice beast is moderately wounded.
The ice beast hits you. The ice beast freezes you!
You barely miss the ice beast. Your headbutt misses the ice beast.
The ice beast is moderately wounded.
The ice beast hits you. The ice beast freezes you!
* * * LOW HITPOINT WARNING * * *
You barely miss the ice beast. Your headbutt misses the ice beast.
The ice beast is moderately wounded.
The ice beast hits you.
* * * LOW HITPOINT WARNING * * *
The ice beast freezes you!
You die...

▓+▓
▓.▓
▓.▓
▓.▓
▓B▓
▓Y▓
▓@▓
▓.▓
▓.▓
▓.▓
▓.▓
▓.▓
▓)▓
▓.▓
▓.▓


You could see an ice beast and a bombardier beetle.

Vanquished Creatures
  An orc wizard (D)
  A ribbon worm (D)
  An orc (D)
  An endoplasm (D)
  A goblin (D)
  2 hobgoblins (D)
  A bat (D)
8 creatures vanquished.

Notes
Turn   | Place    | Note
-------+----------+-------------------------------------------
     0 | D        | Heoruswealwe the Minotaur Fighter began the quest for the
                  | Orb.
     0 | D        | Reached XP level 1. HP: 19/19 MP: 0/0
    34 | D        | Noticed a bombardier beetle
    34 | D        | Noticed an ice beast
    34 | D        | Noticed an orc wizard
    43 | D        | Killed an orc wizard
    44 | D        | Reached skill level 5 in Fighting
    44 | D        | Reached skill level 5 in Polearms
    44 | D        | Reached skill level 5 in Armour
    44 | D        | Reached XP level 2. HP: 5/29 MP: 1/1
    44 | D        | Reached XP level 3. HP: 6/36 MP: 2/2
    56 | D        | Mangled by an ice beast

Illustrated notes

Levels and vault maps discovered:
D:        linesprint [early_d, line_temple, items_1, d_10, items_2, lair_1,
          lair_end, items_3, orc_1, orc_end, items_4, d_15, swamp_1, shoals_1,
          snake_1, spider_1, d_20, vaults_1, items_5, swamp_end, shoals_end,
          snake_end, spider_end, vaults_end, d_27, items_6, zot_1, zot_end,
          crypt_end, forest_end, elf_end, slime_end, tomb_end, abyss_end,
          pan_hell_end]

Skill      XL: |  1 |
---------------+----+-----
Polearms       | 5 |  5.9
Fighting       | 5 |  5.2
Armour         | 5 |  5.2
Shields        | |  3.6

Action                     || total
---------------------------++-------
  Melee: Trident           ||    34
         Headbutt          ||     8
    Use: Potion            ||     1
 Armour: Scale mail        ||    21
  Dodge: Dodged            ||     5
  Block: Buckler           ||     2
